 Seeded DCSS version 0.29.1-2-gbd0b4ee654 (webtiles) character file.

Game seed: 20221026 (custom seed)

304 Nerdsrcool the Trooper (level 6, -15/48 HPs)
             Began as a Demonspawn Abyssal Knight on Oct 26, 2022.
             Was a Priest of Lugonu.
             Demolished by an orc
             ... wielding a +2 whip of electrocution
              (16 damage)
             ... on level 4 of the Dungeon.
             The game lasted 00:17:57 (3150 turns).

Nerdsrcool the Trooper (Demonspawn Abyssal Knight)  Turns: 3150, Time: 00:17:58

Health: -15/48     AC: 18    Str: 15    XL:     6   Next: 15%
Magic:  7/7        EV:  4    Int: 11    God:    Lugonu [***...]
Gold:   141        SH:  0    Dex: 14    Spells: 5/5 levels left

rFire   . . .      SeeInvis .   m - +0 long sword (protect)
rCold   . . .      Faith    .   (no shield)
rNeg    . . .      Spirit   .   c - +0 plate armour
rPois   .          Reflect  .   (no helmet)
rElec   .          Harm     .   (no cloak)
rCorr   .          Rampage  .   (no gloves)
Will    .....                   (no boots)
Stlth   ..........              (no amulet)
HPRegen 0.16/turn               (no ring)
MPRegen 0.10/turn               (no ring)

@: mighty, under a protective aura
A: hooves 1, powered by pain 3
a: Renounce Religion, Depart the Abyss, Bend Space, Banish


You were on level 4 of the Dungeon.
You worshipped Lugonu.
Lugonu was most pleased with you.
You visited 1 branch of the dungeon, and saw 4 of its levels.
You visited the Abyss 1 time.

You collected 141 gold pieces.

Inventory:

Hand Weapons
 a - a +1 spear
 m - a +0 long sword of protection (weapon)
Missiles
 k - a poisoned dart (quivered)
Armour
 b - a +0 leather armour
 c - a +0 plate armour (worn)
Wands
 n - a wand of polymorph (9)
Scrolls
 g - a scroll of fear
 i - a scroll of magic mapping
 l - a scroll of blinking
Potions
 d - a potion of heal wounds {unknown}
 e - a potion of invisibility {unknown}


   Skills:
 + Level 4.0 Fighting
 + Level 1.5 Long Blades
 + Level 3.4 Polearms
 + Level 0.2 Throwing
 + Level 3.8 Armour
 + Level 1.0 Dodging
 + Level 2.5 Invocations


You had 5 spell levels left.
You didn't know any spells.
Your spell library was empty.

Dungeon Overview and Level Annotations

Branches:
Dungeon (4/15)
 Temple: D:4-7

Altars:

Shops:
D:3 :


Innate Abilities, Weirdness & Mutations

You have large cloven feet.
You are powered by pain.


Message History

The orc priest is lightly wounded.
The orc priest hits you but does no damage.
The orc priest hits you but does no damage.
You closely miss the orc priest. You kick the orc priest.
The orc priest is moderately wounded.
The orc hits you but does no damage.
You are electrocuted!
The orc priest invokes the aid of Beogh against you.
Pain shoots through your body!
You hit the orc priest.
Your weapon exudes an aura of protection.
The orc priest is almost dead.
The orc priest hits you with a +0 trident.
The orc hits you but does no damage.
You are electrocuted!
You are too injured to fight recklessly!
You are too injured to fight recklessly!
You are too injured to fight recklessly!
You are too injured to fight recklessly!
You are too injured to fight recklessly!
You are too injured to fight recklessly!
You are too injured to fight recklessly!
You are too injured to fight recklessly!
You are too injured to fight recklessly!
You are too injured to fight recklessly!
You are too injured to fight recklessly!
You are too injured to fight recklessly!
You are too injured to fight recklessly!
You are too injured to fight recklessly!
You are too injured to fight recklessly!
You are too injured to fight recklessly!
You are too injured to fight recklessly!
You hit the orc priest.
You kill the orc priest!
Lugonu accepts your kill. The orc hits you but does no damage.
You are electrocuted!!
* * * LOW HITPOINT WARNING * * *
You focus on the pain.
You feel very mighty all of a sudden. The orc barely misses you.
The orc hits you but does no damage.
You are electrocuted!
You die...

#... #..# #..( #[.# #(.#
##.## #(.###.#. #.^.#
#oo...... #...###### #@#
#....( ..######.#####.
##...####.#.............
..........#.####..#.#...
............# .......
..........### #........
.......##.# .........
.#........# ####.####
.#...#.#### .#


You could see 2 orcs.

Vanquished Creatures
  Sigmund (D:3)
  An orc priest (D:4)
  Robin (D:2)
  An adder (D:2)
  3 gnolls (D:3)
  4 dart slugs
  6 bats
  5 endoplasms
  5 giant cockroaches
  16 goblins
  7 hobgoblins
  9 jackals
  2 quokkas
  8 ball pythons
  6 kobolds
  4 rats
79 creatures vanquished.

Notes
Turn   | Place    | Note
-------+----------+-------------------------------------------
     0 | Abyss:1  | Nerdsrcool the Demonspawn Abyssal Knight began the quest
                  | for the Orb.
     0 | Abyss:1  | Reached XP level 1. HP: 18/18 MP: 2/2
     0 | D:1      | Escaped the Abyss
    88 | D:1      | Reached ** piety under Lugonu
   154 | D:1      | Found a faded altar of an unknown god.
   168 | D:1      | Gained mutation: You sometimes gain a little power by
                  | taking damage. [demonic ancestry]
   168 | D:1      | Reached XP level 2. HP: 18/24 MP: 3/3
   603 | D:1      | Reached XP level 3. HP: 29/30 MP: 4/4
  1019 | D:2      | Noticed Robin
  1033 | D:2      | Killed Robin
  1074 | D:2      | HP: 1/30 [hobgoblin[Robin] (3)]
  1082 | D:2      | Reached *** piety under Lugonu
  1083 | D:2      | Discovered your monstrous ancestry.
  1083 | D:2      | Gained mutation: You have large cloven feet. [demonic
                  | ancestry]
  1083 | D:2      | Reached XP level 4. HP: 2/37 MP: 5/5
  2177 | D:3      | Found Perchix's Book Emporium.
  2376 | D:3      | Gained mutation: You sometimes gain power by taking damage.
                  | [demonic ancestry]
  2376 | D:3      | Reached XP level 5. HP: 18/42 MP: 6/6
  2668 | D:3      | Noticed Sigmund
  2677 | D:3      | Killed Sigmund
  2678 | D:3      | Reached skill level 4 in Fighting
  2678 | D:3      | Reached skill level 1 in Long Blades
  2678 | D:3      | Reached skill level 1 in Dodging
  2678 | D:3      | Gained mutation: You are powered by pain. [demonic
                  | ancestry]
  2678 | D:3      | Reached XP level 6. HP: 39/48 MP: 7/7
  3150 | D:4      | HP: 1/48 [orc/+2 whip of electrocution (19)]
  3150 | D:4      | Demolished by an orc

Illustrated notes

Levels and vault maps discovered:
D:1:      saegor_arrival_simple_b, layout_basic,
          shapermc_ecumenical_altar_mp_highgroup, dreamdust_princess_corridor
D:2:      layout_loops_ring, uniq_robin
D:3:      layout_basic, serial_shops, shop, st_stairs_8, grunt_decor_arrowhead,
          hex_medium, uniq_sigmund
D:4:      layout_loops_cross, mainiacjoe_overflow_small_starburst,
          minmay_temple_entry_wispy, minmay_mini_jars

Skill      XL: |  1  2  3  4  5 |
---------------+----------------+-----
Polearms       | 2 3 |  3.4
Armour         | 2 3 |  3.8
Fighting       | 4 |  4.0
Long Blades    | 1 |  1.5
Dodging        | 1 |  1.0
Throwing       | |  0.2
Invocations    | |  2.5

Action                   |  1- 3 |  4- 6 || total
-------------------------+-------+-------++-------
Melee: Spear             |   161 |    57 ||   218
       Long sword        |       |    38 ||    38
       Kick              |       |    17 ||    17
Throw: Dart              |       |     6 ||     6
Invok: Depart the Abyss  |     1 |       ||     1
  Use: Potion            |     2 |     3 ||     5
       Scroll            |       |     4 ||     4
Armor: Leather armour    |     4 |       ||     4
       Plate armour      |   115 |    53 ||   168
Dodge: Dodged            |    36 |    19 ||    55
